AoeStats
← Ice_And_Fire

Arabia

509739733Analyzed
1v1 RM · 6d ago on Sep 27, 2026· 15m 20s· 2 players
Game mode
Random Map
Map size
Tiny (2 player)
Population
200
Speed
Normal
Resources
Standard
Victory
Conquest
Starting age
Dark Age
Ending age
Imperial Age
RankedLock teamsTeams togetherTeam positionsShared explorationLock speedFull tech treeHidden civsTurbo modeCheats
Victory
Defeat
🇩🇪 Bulgarians · Germany
1149
+16
🇬🇧 Saxons · United Kingdom
1152
-16
Ice_And_Fire
7:06 Loom
9:54 Feudal Age
10:50 Double-Bit Axe
12:59 Fletching
14:18 Arson
DougC
7:01 Loom
9:42 Feudal Age
10:16 Double-Bit Axe
Connection lost

Rejoining the realm…

Still unreachable

The connection could not be restored.

Session expired

The server has moved on; the page needs a fresh start.